 Dungeon Crawl Stone Soup version 0.29.1-15-g9cfb28693d (webtiles) character file.

Game seed: 10486665718076029615

1560 Eduption the Cleaver (level 8, 0/74 HPs)
             Began as a Minotaur Berserker on Apr 18, 2023.
             Was a Believer of Trog.
             Slain by an ogre
             ... wielding a +0 giant spiked club
              (21 damage)
             ... on level 5 of the Dungeon.
             The game lasted 00:15:21 (4477 turns).

Eduption the Cleaver (Minotaur Berserker)           Turns: 4477, Time: 00:15:21

Health: 0/74       AC:  6    Str: 24    XL:     8   Next: 58%
Magic:  7/7        EV: 12    Int:  4    God:    Trog [**....]
Gold:   171        SH:  0    Dex: 10    Spells: 7/7 levels left

rFire   . . .      SeeInvis .   a - +1 hand axe (vorpal)
rCold   . . .      Faith    .   (no shield)
rNeg    . . .      Spirit   .   g - +0 ring mail
rPois   .          Reflect  .   (helmet restricted)
rElec   .          Harm     .   (no cloak)
rCorr   +          Rampage  .   (no gloves)
Will    .....                   (no boots)
Stlth   +.........              d - amulet of the acrobat
HPRegen 0.22/turn               x - ring of resist corrosion
MPRegen 0.10/turn               (no ring)

@: no status effects
A: horns 2, retaliatory headbutt
a: Renounce Religion, Berserk, Trog's Hand


You were on level 5 of the Dungeon.
You worshipped Trog.
Trog was pleased with you.
You visited 1 branch of the dungeon, and saw 5 of its levels.

You collected 171 gold pieces.

Inventory:

Hand Weapons
 a - a +1 vorpal hand axe (weapon)
 h - a +0 short sword of venom
Missiles
 f - 11 poisoned darts (quivered)
 o - 5 javelins
 p - 39 stones
Armour
 b - a +0 animal skin
 g - a +0 ring mail (worn)
 q - a +2 robe of positive energy
Jewellery
 d - an amulet of the acrobat (around neck)
 x - a ring of resist corrosion (left hand)
Scrolls
 k - a scroll of noise
 s - a scroll of magic mapping
 w - 2 scrolls of teleportation
Potions
 c - a potion of magic
 j - a potion of brilliance
 n - a potion of lignification
 t - a potion of attraction
 u - a potion of mutation {unknown}
 z - a potion of curing


   Skills:
 * Level 7.8 Fighting
 + Level 8.1 Axes
 + Level 6.5 Armour
 + Level 5.2 Dodging
 + Level 0.8 Stealth


You had 7 spell levels left.
You didn't know any spells.
Your spell library was empty.

Dungeon Overview and Level Annotations

Branches:
Dungeon (5/15)
 Temple: D:4-7

Altars:


Innate Abilities, Weirdness & Mutations

You have a pair of horns on your head.
You reflexively headbutt those who attack you in melee.


Message History

HP restored.
An ogre comes into view. It is wielding a +0 giant club.
The ogre shouts!
The ogre closely misses you.
You slash the ogre!
The ogre is moderately wounded.
You barely miss the ogre.
The ogre is moderately wounded.
The ogre closely misses you.
You hit the ogre.
The ogre is heavily wounded.
You hit the ogre. You headbutt the ogre.
The ogre is almost dead.
The ogre closely misses you. You furiously retaliate!
You headbutt the ogre. You hit the ogre.
The ogre is almost dead.
The ogre hits you with a +0 giant club!
You slash the ogre!
You kill the ogre!
Trog accepts your kill.
You see here a +0 giant club.
You start resting.
An ogre comes into view. It is wielding a +0 giant spiked club.
The ogre shouts!
You slash the ogre!
The ogre is moderately wounded.
The ogre hits you with a +0 giant spiked club!!
You barely miss the ogre.
The ogre is moderately wounded.
You hit the ogre.
The ogre is heavily wounded.
The ogre hits you with a +0 giant spiked club!!
* * * LOW HITPOINT WARNING * * *
You are too injured to fight recklessly!
You are too injured to fight recklessly!
You are too injured to fight recklessly!
You are too injured to fight recklessly!
The ogre attacks as you move away!
The ogre hits you with a +0 giant spiked club!!
You die...

## ####.....
... #......^#
.... #.......#
.....##.......#
.......)......#
###.###.......#
#...#.#####
#.#O#.# #.#@# #
#.#.#.# #.#.#.#
#.#.....#
#....<..#
#......##
#......#
######.# .#


You could see an ogre.

Vanquished Creatures
  Pikel (D:4)
  Sigmund (D:4)
  An ogre (D:5)
  The ghost of p0werm0de the Shield-Bearer, an amateur MiFi (D:4)
  3 lemures (D:4)
  A phantom (D:3)
  A bullfrog (D:4)
  2 scorpions (D:4)
  A howler monkey (D:4)
  A hound (D:4)
  3 orc priests
  A jelly (D:4)
  2 orc wizards
  8 gnolls
  7 adders
  3 dart slugs
  13 orcs
  11 endoplasms
  6 giant cockroaches
  10 goblins
  8 hobgoblins
  2 jackals (D:2)
  10 kobolds
  7 quokkas
  7 ball pythons
  5 bats
  3 frilled lizards
  7 rats
126 creatures vanquished.

Vanquished Creatures (others)
  78 plants (D:3)
78 creatures vanquished.

Grand Total: 204 creatures vanquished

Notes
Turn   | Place    | Note
-------+----------+-------------------------------------------
     0 | D:1      | Eduption the Minotaur Berserker began the quest for the
                  | Orb.
     0 | D:1      | Reached XP level 1. HP: 19/19 MP: 0/0
   448 | D:1      | Reached XP level 2. HP: 27/27 MP: 1/1
   567 | D:1      | Reached skill level 4 in Axes
   784 | D:1      | Reached ** piety under Trog
   789 | D:1      | Reached XP level 3. HP: 25/33 MP: 2/2
  1753 | D:3      | Reached XP level 4. HP: 39/41 MP: 3/3
  1908 | D:3      | Reached XP level 5. HP: 31/47 MP: 4/4
  1938 | D:3      | Reached skill level 5 in Fighting
  1976 | D:3      | Noticed a phantom
  1998 | D:3      | Killed a phantom
  1999 | D:3      | Reached skill level 5 in Axes
  2450 | D:3      | Identified the +1 ring mail "Koism" {+Blink}
  2456 | D:3      | Found a faded altar of an unknown god.
  2467 | D:3      | Reached XP level 6. HP: 48/56 MP: 5/5
  2704 | D:3      | Reached *** piety under Trog
  3109 | D:4      | Reached skill level 6 in Axes
  3109 | D:4      | Reached XP level 7. HP: 38/62 MP: 6/6
  3370 | D:4      | Found a runed translucent door.
  3374 | D:4      | Noticed Sigmund
  3390 | D:4      | Killed Sigmund
  3391 | D:4      | Reached skill level 5 in Armour
  3405 | D:4      | Noticed p0werm0de's ghost (amateur MiFi)
  3570 | D:4      | Noticed Pikel
  3701 | D:4      | Killed Pikel
  3702 | D:4      | Reached skill level 7 in Axes
  3702 | D:4      | Reached skill level 5 in Dodging
  3702 | D:4      | Reached XP level 8. HP: 73/73 MP: 7/7
  4049 | D:4      | Killed p0werm0de's ghost
  4050 | D:4      | Reached skill level 8 in Axes
  4206 | D:5      | Entered Level 5 of the Dungeon
  4477 | D:5      | Slain by an ogre

Illustrated notes

Levels and vault maps discovered:
D:1:      dpeg_arrival_orchard, layout_loops_ring
D:2:      layout_basic, chequers_serial_rivers_micro_c
D:3:      minmay_razor_zed, layout_basic, serial_bayou, serial_bayou_lake_a,
          serial_bayou_lagoon_a, serial_bayou_pond_a, serial_bayou_pond_a,
          serial_bayou_pond_d, serial_bayou_pond_e,
          chequers_ecumenical_altar_simple
D:4:      layout_basic, ebering_ghost_sewer_d, uniq_sigmund, uniq_pikel
D:5:      layout_basic

Skill      XL: |  1  2  3  4  5  6  7  8 |
---------------+-------------------------+-----
Fighting       | 4 5 7 |  7.8
Axes           | 4 5 6 7 8 |  8.1
Dodging        | 3 4 5 |  5.2
Armour         | 3 4 6 |  6.5
Stealth        | |  0.8

Action                   |  1- 3 |  4- 6 |  7- 9 || total
-------------------------+-------+-------+-------++-------
Melee: Hand axe          |    66 |   160 |   100 ||   326
       Headbutt          |     9 |    21 |    19 ||    49
       Punch             |       |       |     1 ||     1
Invok: Trog's Hand       |       |     5 |    11 ||    16
       Berserk           |       |       |     2 ||     2
  Use: Scroll            |     8 |     2 |     8 ||    18
       Potion            |       |     6 |     1 ||     7
Armor: Animal skin       |     8 |       |       ||     8
       Ring mail         |     4 |    35 |    23 ||    62
Dodge: Dodged            |    79 |   123 |    92 ||   294
